 Dungeon Crawl Stone Soup version 0.30.0-29-ga12c61a403 (webtiles) character file.

Game seed: 2235681828390440972

72 croobank the Firebug (level 3, -9/28 HPs)
             Began as a Demigod Fire Elementalist on June 22, 2023.
             Mangled by Sigmund
             ... wielding a +3 heavy scythe
              (22 damage)
             ... on level 3 of the Dungeon.
             The game lasted 00:05:54 (2502 turns).

croobank the Firebug (Demigod Fire Elementalist)    Turns: 2502, Time: 00:05:55

Health: -9/28      AC:  3    Str:  9    XL:     3   Next: 82%
Magic:  1/9        EV: 12    Int: 21    God:
Gold:   93         SH:  0    Dex: 14    Spells: 0/6 levels left

rFire   + . .        a - +0 short sword
rCold   . . .        (no shield)
rNeg    . . .        i - +0 robe
rPois   .            g - +0 helmet
rElec   .            (no cloak)
rCorr   .            (no gloves)
SInv    +            (no boots)
Will    .....        (no amulet)
Stlth   ++           c - ring of protection from fire
HPRegen 0.24/turn    o - ring of see invisible
MPRegen 0.11/turn

%: no passive effects
@: no status effects
A: high MP 1, forlorn, divine attributes
a: no special abilities


You were on level 3 of the Dungeon.
You visited 1 branch of the dungeon, and saw 3 of its levels.

You collected 93 gold pieces.

Inventory:

Hand Weapons
 a - a +0 short sword (weapon)
 k - a +0 dagger
Missiles
 p - 3 poisoned darts
Armour
 e - a +0 buckler
 g - a +0 helmet (worn)
 i - a +0 robe (worn)
 r - a +3 leather armour
Jewellery
 c - a ring of protection from fire (left hand)
 o - a ring of see invisible (right hand)
Wands
 b - a wand of charming (2)
Scrolls
 f - a scroll of immolation {unknown}
 h - a scroll of silence {unknown}
 l - a scroll of brand weapon {unknown}
 m - 2 scrolls of teleportation {unknown}
Potions
 d - a potion of curing
 j - a potion of attraction {unknown}
 n - a potion of berserk rage {unknown}
 q - a potion of mutation {unknown}


   Skills:
 + Level 1.0 Fighting
 + Level 2.2 Dodging
 + Level 2.3 Stealth
 + Level 2.2 Spellcasting
 + Level 1.6 Conjurations
 + Level 3.0 Fire Magic


You couldn't memorise any spells.
You knew the following spells:

 Your Spells              Type           Power      Damage    Failure   Level
a - Foxfire               Conj/Fire      48%        2x1d6     5%          1
b - Scorch                Fire           30%        2d6       6%          2
c - Inner Flame           Hex/Fire       8%         N/A       22%         3

Your spell library contained the following spells:

 Spells                   Type           Power      Damage    Failure   Level
 Sting                    Tmut/Pois      8%         1d3       14%         1
 Poisonous Vapours        Pois/Air       4%         N/A       22%         2
 Volatile Blastmotes      Fire/Tloc      16%        2d11      22%         3
 Flame Wave               Conj/Fire      12%        2d6       50%         4
 Olgreb's Toxic Radiance  Pois           2%         N/A       82%         4


Dungeon Overview and Level Annotations

Branches:
Dungeon (3/15)

Annotations:
D:3 Sigmund


Innate Abilities, Weirdness & Mutations

You have an increased reservoir of magic. (+10% MP)
You shall have no god before yourself.
Your divine heritage dramatically boosts your attributes as you level up.


Message History

You completely miss the rat.
Sigmund is no longer more vulnerable to fire.
Sigmund casts a spell at you. The puff of flame hits you. You resist.
The rat misses you.
You hit the rat.
The rat is moderately wounded.
Sigmund barely misses you. The rat barely misses you.
Casting: Scorch (safe; 6% risk of failure)
Confirm with . or Enter, or press ? or * to list all spells.
Flames lash the rat.
You kill the rat!
Casting: Scorch (safe; 6% risk of failure)
Confirm with . or Enter, or press ? or * to list all spells.
Flames lash Sigmund.
Sigmund is moderately wounded.
Sigmund's fire resistance burns away.
Sigmund closely misses you.
Casting: Scorch (safe; 6% risk of failure)
Confirm with . or Enter, or press ? or * to list all spells.
Flames lash Sigmund.
Sigmund is burned terribly!
Sigmund is heavily wounded.
Casting: Scorch (safe; 6% risk of failure)
Confirm with . or Enter, or press ? or * to list all spells.
You conjure some foxfire!
Sigmund barely misses you.
You feel better.
The foxfire hits Sigmund.
Sigmund is heavily wounded.
The foxfire hits Sigmund.
Sigmund is burned terribly!
Sigmund is severely wounded.
Casting: Foxfire (safe; 5% risk of failure)
Confirm with . or Enter, or press ? or * to list all spells.
You don't have enough magic to cast this spell.
You hit Sigmund but do no damage.
Sigmund is severely wounded.
Sigmund hits you with a +3 heavy scythe!
You hit Sigmund.
Sigmund is severely wounded.
You closely miss Sigmund.
Sigmund is severely wounded.
Sigmund hits you with a +3 heavy scythe!!
Ouch! That really hurt!
You die...

###.##...........
###......##.#.....
#.............#
#.#.#......<###
#.#.#########
#.#.# #.#.###
#.#...## #..@...#
#.?...@....#
............#
.#..........#
............#
.#....(...#.#
#......(....
#............


You could see Sigmund (combustible).

Vanquished Creatures
  Ijyb (D:3)
  An adder (D:2)
  A worm (D:2)
  A dart slug (D:2)
  3 endoplasms
  A giant cockroach (D:2)
  2 goblins
  4 hobgoblins
  5 kobolds
  A quokka (D:1)
  2 ball pythons
  5 bats
  A frilled lizard (D:1)
  6 rats
34 creatures vanquished.

Vanquished Creatures (others)
  54 foxfires
54 creatures vanquished.

Grand Total: 88 creatures vanquished

Notes
Turn   | Place    | Note
-------+----------+-------------------------------------------
     0 | D:1      | croobank the Demigod Fire Elementalist began the quest for
                  | the Orb.
     0 | D:1      | Reached XP level 1. HP: 14/14 MP: 5/5
   120 | D:1      | Reached skill level 1 in Conjurations
   582 | D:1      | Reached XP level 2. HP: 20/20 MP: 2/7
   585 | D:1      | Learned a level 2 spell: Scorch
  1818 | D:2      | Reached XP level 3. HP: 27/27 MP: 5/8
  1822 | D:2      | Learned a level 3 spell: Inner Flame
  2275 | D:3      | Noticed Ijyb
  2297 | D:3      | Killed Ijyb
  2298 | D:3      | Reached skill level 1 in Fighting
  2298 | D:3      | Reached skill level 3 in Fire Magic
  2483 | D:3      | Noticed Sigmund
  2502 | D:3      | Mangled by Sigmund

Illustrated notes

Levels and vault maps discovered:
D:1:      dpeg_arrival_more_subterranean_lakeside_camping, layout_loops_ring,
          nicolae_kite_square_tiling_tiny, nrook_mini_backslash
D:2:      layout_basic
D:3:      layout_loops_ring, grunt_temple_overflow_open, uniq_ijyb,
          uniq_sigmund, uniq_crazy_yiuf_cottage

Skill      XL: |  1  2  3 |
---------------+----------+-----
Conjurations   | 1 |  1.6
Stealth        | 2 |  2.3
Spellcasting   | 2 |  2.2
Dodging        | 2 |  2.2
Fighting       | 1 |  1.0
Fire Magic     | 3 |  3.0

Action                     || total
---------------------------++-------
  Melee: Short sword       ||    42
   Cast: Foxfire           ||    37
         Scorch            ||    27
         Inner Flame       ||     1
    Use: Scroll            ||     2
         Potion            ||     5
   Stab: Sleeping          ||     2
 Armour: Robe              ||    18
  Dodge: Dodged            ||    37
